FSL
ST. PETERSBURG SAINTS @ DAYTONA BEACH ISLANDERS
05/21/1982
 
TOP OF THE 1ST
St. Petersburg Saints batting - Pitching for Daytona Beach Islanders : LHP Richard Herendeen
Pitching: LHP Richard Herendeen
Batting: RHB Jeff Pyburn 0-0: Called Strike
0-1: Ball
1-1: Foul Ball, location: 2F
1-2: Ball
2-2: Ball
3-2: Strikes out swinging
Batting: LHB Al Leboeuf 0-0: Ball
1-0: Fly out, F8 (Line Drive, 8LD, EV 98.8 MPH)
Batting: LHB Terry Blocker 0-0: Ground out 6-3 (Groundball, 6, EV 102.5 MPH)
Top of the 1st over - 0 runs, 0 hits, 0 errors, 0 left on base; St. Petersburg 0 - Daytona Beach 0
BOTTOM OF THE 1ST
Daytona Beach Islanders batting - Pitching for St. Petersburg Saints : RHP Gerardo Moreno
Pitching: RHP Gerardo Moreno
Batting: SHB Michael Frierson 0-0: Ground out U3 (Groundball, 3L, EV 78.8 MPH)
Batting: RHB Kalvin Adams 0-0: Called Strike
0-1: Foul Ball, location: 2F
0-2: Ball
1-2: Fly out, F4 (Popup, 34D, EV 59.4 MPH)
Batting: SHB Randle Granger 0-0: SINGLE (Line Drive, 78M, EV 105.0 MPH)
Batting: RHB Columbus Duncan 0-0: Called Strike
Randle Granger steals 2nd base (no throw)
0-1: Fly out, F3 (Popup, 3, EV 61.9 MPH)
Bottom of the 1st over - 0 runs, 1 hit, 0 errors, 1 left on base; St. Petersburg 0 - Daytona Beach 0
TOP OF THE 2ND
St. Petersburg Saints batting - Pitching for Daytona Beach Islanders : LHP Richard Herendeen
Batting: RHB Rock Coyle 0-0: Ball
1-0: Ball
2-0: Ball
3-0: Called Strike
3-1: Foul Ball, location: 2F
3-2: DOUBLE (Groundball, 5L, EV 106.3 MPH)
Batting: RHB Ric Despaux 0-0: Foul Ball, location: 2F
0-1: Fly out, F8 (Flyball, 89D, EV 103.8 MPH)
Runner from 2nd tags up, SAFE at 3rd, no throw by CF
Batting: RHB Randy Ingle 0-0: Ground out 5-3 (Groundball, 56, EV 89.4 MPH)
Rock Coyle scores
Batting: RHB Dave Clements 0-0: Ball
1-0: Ball
2-0: Foul Ball, location: 2F
2-1: Swinging Strike
2-2: Ball
3-2: Strikes out swinging
Top of the 2nd over - 1 run, 1 hit, 0 errors, 0 left on base; St. Petersburg 1 - Daytona Beach 0
BOTTOM OF THE 2ND
Daytona Beach Islanders batting - Pitching for St. Petersburg Saints : RHP Gerardo Moreno
Batting: RHB Jeff Rutledge 0-0: Called Strike
0-1: Called Strike
0-2: Ball
1-2: Ground out 5-3 (Groundball, 56S, EV 90.0 MPH)
Batting: RHB Francisco Gonzalez 0-0: Foul Ball, location: 2F
0-1: Fly out, F4 (Flyball, 4MD, EV 88.8 MPH)
Batting: RHB Jeffrey Coker 0-0: Ball
1-0: Swinging Strike
1-1: Called Strike
1-2: Strikes out looking
Bottom of the 2nd over - 0 runs, 0 hits, 0 errors, 0 left on base; St. Petersburg 1 - Daytona Beach 0
TOP OF THE 3RD
St. Petersburg Saints batting - Pitching for Daytona Beach Islanders : LHP Richard Herendeen
Batting: RHB Roberto Alvarez 0-0: Swinging Strike
0-1: Called Strike
0-2: Strikes out swinging
Batting: RHB Francisco Escalera 0-0: Ball
1-0: Ball
2-0: Ground out 6-3 (Groundball, 6, EV 89.4 MPH)
Batting: RHB Jeff Pyburn 0-0: Ball
1-0: Ball
2-0: Ball
3-0: Base on Balls
Batting: LHB Al Leboeuf 0-0: Called Strike
0-1: Ball
1-1: Fly out, F7 (Flyball, 7D, EV 103.8 MPH)
Top of the 3rd over - 0 runs, 0 hits, 0 errors, 1 left on base; St. Petersburg 1 - Daytona Beach 0
BOTTOM OF THE 3RD
Daytona Beach Islanders batting - Pitching for St. Petersburg Saints : RHP Gerardo Moreno
Batting: RHB Robert Whitfield 0-0: Ball
1-0: Foul Ball, location: 2F
1-1: Ground out 4-3 (Groundball, 4S, EV 90.0 MPH)
Batting: RHB Dale Jones 0-0: Called Strike
0-1: Ball
1-1: Ground out 6-3 (Groundball, 6, EV 87.5 MPH)
Batting: SHB Michael Frierson 0-0: Ball
1-0: Ground out U3 (Groundball, 3, EV 105.0 MPH)
Bottom of the 3rd over - 0 runs, 0 hits, 0 errors, 0 left on base; St. Petersburg 1 - Daytona Beach 0
TOP OF THE 4TH
St. Petersburg Saints batting - Pitching for Daytona Beach Islanders : LHP Richard Herendeen
Batting: LHB Terry Blocker 0-0: Ball
1-0: Called Strike
1-1: Ball
2-1: Fly out, F3 (Line Drive, 3, EV 66.9 MPH)
Batting: RHB Rock Coyle 0-0: Ball
1-0: Ball
2-0: Ball
3-0: Called Strike
3-1: SINGLE (Line Drive, 8LS, EV 108.8 MPH)
Batting: RHB Ric Despaux 0-0: Called Strike
0-1: Ball
1-1: Foul Ball, location: 2F
1-2: Ball
Rock Coyle is caught stealing 2nd base 2-4
2-2: Ball
3-2: Base on Balls
Batting: RHB Randy Ingle 0-0: Fly out, F9 (Flyball, 9D, EV 89.4 MPH)
Top of the 4th over - 0 runs, 1 hit, 0 errors, 1 left on base; St. Petersburg 1 - Daytona Beach 0
BOTTOM OF THE 4TH
Daytona Beach Islanders batting - Pitching for St. Petersburg Saints : RHP Gerardo Moreno
Batting: RHB Kalvin Adams 0-0: Ball
1-0: Ball
2-0: Foul Ball, location: 2F
2-1: Foul Ball, location: 2F
2-2: Foul Ball, location: 2F
2-2: Ball
3-2: Ground out U3 (Groundball, 34, EV 106.3 MPH)
Batting: SHB Randle Granger 0-0: Ball
1-0: Ground out 6-3 (Groundball, 6, EV 85.0 MPH)
Batting: RHB Columbus Duncan 0-0: Called Strike
0-1: Ball
1-1: Foul Ball, location: 2F
1-2: Ball
2-2: Ball
3-2: Base on Balls
Batting: RHB Jeff Rutledge 0-0: Fielders Choice at 2nd, 6-4 (Groundball, 6, EV 101.9 MPH)
Bottom of the 4th over - 0 runs, 0 hits, 0 errors, 1 left on base; St. Petersburg 1 - Daytona Beach 0
TOP OF THE 5TH
St. Petersburg Saints batting - Pitching for Daytona Beach Islanders : LHP Richard Herendeen
Batting: RHB Dave Clements 0-0: Ball
1-0: Ball
2-0: Ball
3-0: Called Strike
3-1: SOLO HOME RUN (Flyball, 7D, EV 102.5 MPH), Distance : 354 ft
Batting: RHB Roberto Alvarez 0-0: Ball
1-0: Swinging Strike
1-1: Foul Ball, location: 2F
1-2: Strikes out swinging
Batting: RHB Francisco Escalera 0-0: Called Strike
0-1: Ball
1-1: Ball
2-1: Ground out 3-1 (Groundball, 34S, EV 90.6 MPH)
Batting: RHB Jeff Pyburn 0-0: Ball
1-0: Ground out 6-3 (Groundball, 6M, EV 86.9 MPH)
Top of the 5th over - 1 run, 1 hit, 0 errors, 0 left on base; St. Petersburg 2 - Daytona Beach 0
BOTTOM OF THE 5TH
Daytona Beach Islanders batting - Pitching for St. Petersburg Saints : RHP Gerardo Moreno
Batting: RHB Francisco Gonzalez 0-0: Ball
1-0: Fly out, F8 (Flyball, 8LM, EV 83.8 MPH)
Batting: RHB Jeffrey Coker 0-0: Ball
1-0: Fly out, F4 (Flyball, 34D, EV 93.1 MPH)
Batting: RHB Robert Whitfield 0-0: Fly out, F3 (Popup, 3L, EV 76.3 MPH)
Bottom of the 5th over - 0 runs, 0 hits, 0 errors, 0 left on base; St. Petersburg 2 - Daytona Beach 0
TOP OF THE 6TH
St. Petersburg Saints batting - Pitching for Daytona Beach Islanders : LHP Richard Herendeen
Batting: LHB Al Leboeuf 0-0: Called Strike
0-1: Ball
1-1: Foul Ball, location: 2F
1-2: Ball
2-2: Foul Ball, location: 2F
2-2: Foul Ball, location: 2F
2-2: Strikes out swinging
Batting: LHB Terry Blocker 0-0: Foul Ball, location: 2F
0-1: Ball
1-1: SINGLE (Groundball, 6MS, EV 73.8 MPH) (infield hit)
Batting: RHB Rock Coyle 0-0: Ball
1-0: 2-RUN HOME RUN (Flyball, 7D, EV 108.1 MPH), Distance : 354 ft
Batting: RHB Ric Despaux 0-0: Fly out, F8 (Flyball, 8LM, EV 90.6 MPH)
Batting: RHB Randy Ingle 0-0: Called Strike
0-1: Ball
1-1: Ground out 6-3 (Groundball, 6S, EV 85.6 MPH)
Top of the 6th over - 2 runs, 2 hits, 0 errors, 0 left on base; St. Petersburg 4 - Daytona Beach 0
BOTTOM OF THE 6TH
Daytona Beach Islanders batting - Pitching for St. Petersburg Saints : RHP Gerardo Moreno
Batting: RHB Dale Jones 0-0: Reached on error, E3 (Groundball, 34S, EV 68.1 MPH)
Batting: SHB Michael Frierson 0-0: Ball
1-0: Ball
2-0: Ball
3-0: Base on Balls
Dale Jones to second
Batting: RHB Kalvin Adams 0-0: Ball
1-0: Ball
2-0: Ball
3-0: Called Strike
3-1: Called Strike
3-2: Foul Ball, location: 2F
3-2: Fly out, F4 (Popup, 13S, EV 85.0 MPH)
Batting: SHB Randle Granger 0-0: Ball
1-0: Grounds into double play, 6-4-3 (Groundball, 6, EV 79.4 MPH)
Bottom of the 6th over - 0 runs, 0 hits, 1 error, 1 left on base; St. Petersburg 4 - Daytona Beach 0
TOP OF THE 7TH
St. Petersburg Saints batting - Pitching for Daytona Beach Islanders : LHP Richard Herendeen
Batting: RHB Dave Clements 0-0: Called Strike
0-1: Foul Ball, location: 2F
0-2: Ground out 1-3 (Groundball, 34S, EV 61.9 MPH)
Batting: RHB Roberto Alvarez 0-0: Ball
1-0: Fly out, F8 (Flyball, 8RS, EV 79.4 MPH)
Batting: RHB Francisco Escalera 0-0: Ball
1-0: Called Strike
1-1: Foul Ball, location: 2F
1-2: Strikes out looking
Top of the 7th over - 0 runs, 0 hits, 0 errors, 0 left on base; St. Petersburg 4 - Daytona Beach 0
BOTTOM OF THE 7TH
Daytona Beach Islanders batting - Pitching for St. Petersburg Saints : RHP Gerardo Moreno
Batting: RHB Columbus Duncan 0-0: Ball
1-0: Ball
2-0: SINGLE (Groundball, 6MD, EV 106.3 MPH)
Batting: RHB Jeff Rutledge 0-0: Called Strike
0-1: Ball
1-1: Ball
2-1: Swinging Strike
2-2: Ball
3-2: Ground out 3-1 (Groundball, 34S, EV 81.3 MPH)
Columbus Duncan to second
Batting: RHB Francisco Gonzalez 0-0: Called Strike
0-1: Ball
1-1: Called Strike
1-2: Ball
2-2: Ball
3-2: Foul Ball, location: 2F
3-2: Ground out 5-3 (Groundball, 56S, EV 73.1 MPH)
Columbus Duncan to third
Batting: RHB Jeffrey Coker 0-0: Called Strike
0-1: Swinging Strike
0-2: Strikes out swinging
Bottom of the 7th over - 0 runs, 1 hit, 0 errors, 1 left on base; St. Petersburg 4 - Daytona Beach 0
TOP OF THE 8TH
St. Petersburg Saints batting - Pitching for Daytona Beach Islanders : LHP Richard Herendeen
Batting: RHB Jeff Pyburn 0-0: Called Strike
0-1: Called Strike
0-2: Ball
1-2: Fly out, F4 (Line Drive, 4, EV 69.4 MPH)
Batting: LHB Al Leboeuf 0-0: Ball
1-0: Ground out 6-3 (Groundball, 6, EV 108.8 MPH)
Batting: LHB Terry Blocker 0-0: Called Strike
0-1: Swinging Strike
0-2: Ground out 4-3 (Groundball, 34, EV 85.6 MPH)
Top of the 8th over - 0 runs, 0 hits, 0 errors, 0 left on base; St. Petersburg 4 - Daytona Beach 0
BOTTOM OF THE 8TH
Daytona Beach Islanders batting - Pitching for St. Petersburg Saints : RHP Gerardo Moreno
Batting: RHB Robert Whitfield 0-0: Ground out 4-3 (Groundball, 4, EV 90.0 MPH)
Batting: RHB Dale Jones 0-0: Called Strike
0-1: Swinging Strike
0-2: Ball
1-2: Foul Ball, location: 2F
1-2: SINGLE (Flyball, 4MD, EV 86.3 MPH)
Batting: SHB Michael Frierson 0-0: Called Strike
0-1: Ball
1-1: Ball
2-1: Ball
3-1: Base on Balls
Dale Jones to second
Batting: RHB Kalvin Adams 0-0: Ball
1-0: Fielders Choice at 2nd, 6-4 (Groundball, 6, EV 85.6 MPH)
Dale Jones to third
Batting: SHB Randle Granger 0-0: Ball
1-0: Ground out 4-3 (Groundball, 34, EV 86.9 MPH)
Bottom of the 8th over - 0 runs, 1 hit, 0 errors, 2 left on base; St. Petersburg 4 - Daytona Beach 0
TOP OF THE 9TH
St. Petersburg Saints batting - Pitching for Daytona Beach Islanders : LHP Richard Herendeen
Pitching: LHP Richard Ford
Batting: RHB Rock Coyle 0-0: Ball
1-0: Ball
2-0: Fly out, F7 (Flyball, 7S, EV 80.6 MPH)
Batting: RHB Ric Despaux 0-0: Called Strike
0-1: Foul Ball, location: 2F
0-2: SINGLE (Line Drive, 6D, EV 101.3 MPH)
Batting: RHB Randy Ingle 0-0: Ball
Ric Despaux is caught stealing 2nd base 2-4
1-0: Called Strike
1-1: DOUBLE (Line Drive, 7LS, EV 106.3 MPH)
Batting: RHB Dave Clements 0-0: Intentional Walk
Batting: RHB Roberto Alvarez 0-0: Ball
1-0: Foul Ball, location: 2F
1-1: Ball
2-1: Foul Ball, location: 2F
2-2: Strikes out swinging
Top of the 9th over - 0 runs, 2 hits, 0 errors, 2 left on base; St. Petersburg 4 - Daytona Beach 0
BOTTOM OF THE 9TH
Daytona Beach Islanders batting - Pitching for St. Petersburg Saints : RHP Gerardo Moreno
Batting: RHB Columbus Duncan 0-0: Ball
1-0: SOLO HOME RUN (Line Drive, 7D, EV 106.9 MPH), Distance : 364 ft
Batting: RHB Jeff Rutledge 0-0: Foul Ball, location: 2F
0-1: Ball
1-1: Reached via error on a dropped throw from 1B, E1 (Groundball, 34S, EV 88.1 MPH)
Batting: RHB Francisco Gonzalez 0-0: Called Strike
0-1: Foul Ball, location: 2F
0-2: Foul Ball, location: 2F
0-2: Fly out, F8 (Flyball, 8LM, EV 88.8 MPH)
Batting: RHB Jeffrey Coker 0-0: Grounds into double play, 4-6-3 (Groundball, 34S, EV 83.1 MPH)
Bottom of the 9th over - 1 run, 1 hit, 1 error, 0 left on base; St. Petersburg 4 - Daytona Beach 1
Friday, July 31st, 2020 - OOTP Baseball 21.5 Build 76